[Event "Saturday 13 January Rapid Engine Tour 12+1 Rounds 9 Starts 1600 ST"]
[Site "Infinity Chess"]
[Date "2018.1.13"]
[Round "4"]
[White "KULLANI"]
[Black "RonWeasley"]
[Result "1/2-1/2"]
[ECO "C11"]
[WhiteElo "2435"]
[BlackElo "2437"]
[WhiteEngine "BrainFish_180106_x64_CTG"]
[BlackEngine "BrainFish 060118_CTG"]
[EventType "Swiss"]
[WhiteTeam ""]
[BlackTeam ""]
[PlyCount "100"]
[TimeControl "720+1"]

1. e4 e6 2. d4 d5 3. Nc3 Nf6 4. e5 Nfd7 5. f4 c5 6. Nf3 Nc6 7. Be3 cxd4 
8. Nxd4 Qb6 9. Qd2 Qxb2 10. Rb1 Qa3 11. Bb5 Nxd4 12. Bxd4 a6 13. Bxd7+ Bxd7 
14. Rb3 Qe7 15. Rxb7 Rc8 16. O-O Qd8 17. Qe3 Rc4 18. Rfb1 Be7 19. f5 Bg5 
20. Qd3 O-O 21. Ne4 Bc8 22. Bb6 Be3+ 23. Qxe3 Qh4 24. Nf6+ gxf6 25. Rc7 exf5 
26. Rxc4 dxc4 27. exf6 Kh8 28. Bc7 Rg8 29. Bf4 Bd7 30. Rd1 Qg4 31. Rd2 c3 
32. Qxc3 Qxf4 33. Rxd7 Qc1+ 34. Kf2 Qf4+ 35. Kg1 Qc1+ 36. Kf2 Qf4+ 37. Qf3 Qh4+ 
38. Kg1 Qe1+ 39. Qf1 Qe6 40. Rd1 Qxa2 41. Qxf5 a5 42. Qe4 a4 43. Kf2 Qb2 
44. Qxa4 Qe5 45. Rd3 Qxh2 46. Qe4 Qh6 47. Qf5 Qh1 48. Qe4 Qh6 49. Qd4 Qh2 
50. Qe4 Qh6 1/2-1/2

[Event "Saturday 13 January Rapid Engine Tour 12+1 Rounds 9 Starts 1600 ST"]
[Site "Infinity Chess"]
[Date "2018.1.13"]
[Round "4"]
[White "THE_MACHINE"]
[Black "Dovahkiin"]
[Result "1/2-1/2"]
[ECO "B03"]
[WhiteElo "2477"]
[BlackElo "2443"]
[WhiteEngine "Houdini 6"]
[BlackEngine "BrainFish_180106_x64_modern_CTG"]
[EventType "Swiss"]
[WhiteTeam ""]
[BlackTeam ""]
[PlyCount "112"]
[TimeControl "720+1"]

1. e4 Nf6 2. e5 Nd5 3. d4 d6 4. c4 Nb6 5. f4 dxe5 6. fxe5 Bf5 7. Nc3 e6 
8. Nf3 Nc6 9. Be3 Be7 10. Be2 O-O 11. O-O f6 12. exf6 Bxf6 13. b3 Qe8 
14. Qe1 Qe7 15. Rd1 Rad8 16. h3 Bg6 17. Bf2 a6 18. Kh1 Nb4 19. Nh4 Nc2 
20. Nxg6 hxg6 21. Qd2 Nxd4 22. Ne4 Nc6 23. Qe3 Bd4 24. Qg3 Bxf2 25. Nxf2 Rxd1 
26. Rxd1 Nd7 27. Bf3 Nde5 28. Bxc6 bxc6 29. Kg1 Rf5 30. Qe3 a5 31. Re1 Qh4 
32. Nh1 Kf7 33. Re2 Kg8 34. Qe4 Qxe4 35. Rxe4 Kf7 36. Ng3 Rg5 37. Ne2 Nd3 
38. Nd4 Re5 39. Rxe5 Nxe5 40. c5 Kf6 41. a4 g5 42. b4 Nd3 43. bxa5 Nxc5 
44. Kf2 e5 45. Nf3 e4 46. Nd4 Ke5 47. Ke3 Nxa4 48. a6 Nb6 49. Nxc6+ Kd5 
50. Ne7+ Ke6 51. Ng6 Kf6 52. Nf8 Kf7 53. Nh7 Kg6 54. Nf8+ Kf7 55. Nh7 Kg6 
56. Nf8+ Kf7 1/2-1/2

[Event "Saturday 13 January Rapid Engine Tour 12+1 Rounds 9 Starts 1600 ST"]
[Site "Infinity Chess"]
[Date "2018.1.13"]
[Round "4"]
[White "Vimtiroba"]
[Black "Marsell"]
[Result "1/2-1/2"]
[ECO "D30"]
[WhiteElo "2463"]
[BlackElo "2480"]
[WhiteEngine "SF@130118_CTG"]
[BlackEngine "asmFishW_2018-01-11_popcnt"]
[EventType "Swiss"]
[WhiteTeam ""]
[BlackTeam ""]
[PlyCount "127"]
[TimeControl "720+1"]

1. d4 d5 2. c4 e6 3. Nf3 Nf6 4. g3 dxc4 5. Bg2 Bb4+ 6. Bd2 a5 7. Qc2 b6 
8. O-O Bb7 9. Qxc4 Ba6 10. Qb3 Bxe2 11. Re1 Bxf3 12. Bxf3 Bxd2 13. Nxd2 c6 
14. Nc4 Ra6 15. Qa3 Qe7 16. Qd3 O-O 17. Ne5 Ra7 18. Bxc6 Rc8 19. Bb5 Rac7 
20. a3 Qd8 21. Rad1 Qd5 22. Ba4 Nbd7 23. Bb3 Nxe5 24. dxe5 Qxd3 25. Rxd3 Ng4 
26. Bd1 Nh6 27. Rb3 Rb8 28. Ree3 g5 29. Bh5 Nf5 30. Rbc3 Rd7 31. Red3 Nd4 
32. f4 gxf4 33. gxf4 Rbd8 34. Bg4 h6 35. Kf2 Kf8 36. a4 Ke7 37. Rd2 Rg8 
38. h3 Rgd8 39. Rc4 b5 40. axb5 Nxb5 41. Rxd7+ Rxd7 42. Ke3 Nc7 43. Kf3 Nb5 
44. f5 exf5 45. Bxf5 Rd2 46. Ra4 Rxb2 47. Rxa5 Nd4+ 48. Ke4 Nxf5 49. Kxf5 Rf2+ 
50. Ke4 Rg2 51. Ra7+ Kf8 52. Kf3 Rc2 53. h4 Rb2 54. Kg4 Re2 55. Ra8+ Kg7 
56. Kf5 Rb2 57. Ra6 h5 58. Ra5 Rb4 59. Kg5 Kf8 60. e6 fxe6 61. Kxh5 Kg7 
62. Kg5 e5 63. Ra7+ Kf8 64. h5 1/2-1/2

[Event "Saturday 13 January Rapid Engine Tour 12+1 Rounds 9 Starts 1600 ST"]
[Site "Infinity Chess"]
[Date "2018.1.13"]
[Round "4"]
[White "fati64"]
[Black "Susanne"]
[Result "1/2-1/2"]
[ECO "B32"]
[WhiteElo "2492"]
[BlackElo "2480"]
[WhiteEngine "BrainFish_180106_x64"]
[BlackEngine "asmFishW_10_bmi2_CTG"]
[EventType "Swiss"]
[WhiteTeam ""]
[BlackTeam ""]
[PlyCount "82"]
[TimeControl "720+1"]

1. e4 c5 2. Nf3 Nc6 3. d4 cxd4 4. Nxd4 e5 5. Nb5 d6 6. c4 Nf6 7. N1c3 a6 
8. Na3 Be6 9. Nc2 Rc8 10. Be2 g6 11. O-O Bg7 12. Bg5 h6 13. Be3 O-O 14. f3 Ne7 
15. b3 Nh5 16. a4 f5 17. Qd2 Nf4 18. Rad1 Nc6 19. exf5 gxf5 20. Rfe1 Nxe2+ 
21. Rxe2 Na5 22. Na1 Nxb3 23. Nxb3 Bxc4 24. Rb1 f4 25. Bf2 Bxe2 26. Nxe2 Qc7 
27. Be1 Rfd8 28. Bh4 Re8 29. Kf1 Kh8 30. Be1 Qc2 31. Qxc2 Rxc2 32. Nc3 Rc8 
33. Nd5 Kh7 34. Nb4 R2c4 35. a5 h5 36. Nd5 Rc2 37. h3 Kh8 38. Nb4 R2c4 
39. Nd5 Rc2 40. Nb4 R2c4 41. Nd5 Rc2 1/2-1/2

[Event "Saturday 13 January Rapid Engine Tour 12+1 Rounds 9 Starts 1600 ST"]
[Site "Infinity Chess"]
[Date "2018.1.13"]
[Round "4"]
[White "Murx"]
[Black "Gilgamesch"]
[Result "1/2-1/2"]
[ECO "D31"]
[WhiteElo "2484"]
[BlackElo "2496"]
[WhiteEngine "BrainFish_171226_x64_modern"]
[BlackEngine "BrainFish_171005_x64_bmi2"]
[EventType "Swiss"]
[WhiteTeam ""]
[BlackTeam ""]
[PlyCount "106"]
[TimeControl "720+1"]

1. d4 d5 2. c4 e6 3. Nc3 c6 4. e4 dxe4 5. Nxe4 Bb4+ 6. Bd2 Qxd4 7. Bxb4 Qxe4+ 
8. Be2 Na6 9. Ba5 b6 10. Qd6 Bd7 11. Bc3 f6 12. Nf3 Nh6 13. Rd1 Rd8 14. Qa3 Bc8 
15. Nd2 Qf4 16. Bh5+ Nf7 17. O-O c5 18. Qa4+ Ke7 19. Rfe1 Ng5 20. Re3 Rd6 
21. Rde1 Rhd8 22. Nf3 Kf8 23. a3 Nf7 24. h3 Rd3 25. Rxd3 Rxd3 26. Be5 fxe5 
27. Bxf7 Nc7 28. Bg6 Rxf3 29. Qxa7 Qd2 30. Rf1 Rb3 31. Qxc7 Qd7 32. Qxd7 Bxd7 
33. Bxh7 Rxb2 34. Rb1 Ra2 35. Rb3 Ra1+ 36. Kh2 Rc1 37. Rxb6 Rxc4 38. Rb7 Rd4 
39. Be4 c4 40. f3 Ke7 41. a4 Kd6 42. a5 c3 43. a6 Rxe4 44. fxe4 c2 45. a7 c1=Q 
46. a8=Q Qf4+ 47. Kg1 Qe3+ 48. Kf1 Qf4+ 49. Ke1 Qxe4+ 50. Kf2 Qd4+ 51. Ke1 Qe4+ 
52. Kf2 Qd4+ 53. Ke1 Qe4+ 1/2-1/2

[Event "Saturday 13 January Rapid Engine Tour 12+1 Rounds 9 Starts 1600 ST"]
[Site "Infinity Chess"]
[Date "2018.1.13"]
[Round "4"]
[White "Deep_Impact"]
[Black "MarioDeMonti"]
[Result "1/2-1/2"]
[ECO "E17"]
[WhiteElo "2499"]
[BlackElo "2439"]
[WhiteEngine "BrainFish_171226_x64_modern"]
[BlackEngine "stockfish_x64_bmi2_2018_01_01_CTG"]
[EventType "Swiss"]
[WhiteTeam ""]
[BlackTeam ""]
[PlyCount "158"]
[TimeControl "720+1"]

1. d4 Nf6 2. c4 e6 3. Nf3 b6 4. g3 Bb7 5. Bg2 Be7 6. Nc3 Ne4 7. Bd2 O-O 
8. O-O d5 9. cxd5 exd5 10. Qa4 Nd7 11. Rac1 c6 12. Bf4 g5 13. Be3 Nd6 14. Qc2 f5 
15. Rcd1 Kh8 16. Qc1 Rg8 17. Ne5 Qe8 18. f4 g4 19. Rd2 Nf6 20. Rc2 Rc8 21. b3 h5 
22. Bf2 Rg7 23. e3 Rh7 24. b4 b5 25. Qb1 Rb8 26. a4 a6 27. Ra2 Qc8 28. Qc2 Kg8 
29. Rb1 Qe6 30. axb5 axb5 31. Nd1 Nc4 32. Nb2 Ne4 33. Ra7 Nxb2 34. Rxb2 Qc8 
35. h3 Qe6 36. Qc1 Bd6 37. Be1 Rc8 38. Rc2 gxh3 39. Bxh3 Bb8 40. Raa2 Bxe5 
41. dxe5 Rg7 42. Kh2 Qg6 43. Rg2 Rf8 44. Qa1 Kh7 45. Ra7 Rc8 46. Rg1 Rcc7 
47. Qd1 Kg8 48. Qd4 Kh8 49. Qb2 Kh7 50. Qd4 Kh8 51. Qb2 Kh7 52. Rg2 Rcf7 
53. Kg1 Rc7 54. Qd4 Kg8 55. Kh2 Kh7 56. Qd1 Kh8 57. Qd4 Kh7 58. Kg1 Kg8 
59. Qd1 Kh7 60. Kf1 Kg8 61. Kg1 Kh7 62. Kf1 Kg8 63. Qe2 c5 64. bxc5 Rxc5 
65. Qa2 Kh7 66. g4 hxg4 67. Bxg4 Ng3+ 68. Rxg3 fxg4 69. Qh2+ Kg8 70. Qh4 Qd3+ 
71. Kg1 Rc1 72. Qd8+ Kh7 73. Qh4+ Kg8 74. Kf2 Qc2+ 75. Kf1 b4 76. Qd8+ Kh7 
77. Qh4+ Kg8 78. Qd8+ Kh7 79. Qh4+ Kg8 1/2-1/2

[Event "Saturday 13 January Rapid Engine Tour 12+1 Rounds 9 Starts 1600 ST"]
[Site "Infinity Chess"]
[Date "2018.1.13"]
[Round "4"]
[White "neófito"]
[Black "CrossingJordan"]
[Result "1/2-1/2 "]
[ECO "D30"]
[WhiteElo "2454"]
[BlackElo "2430"]
[WhiteEngine "BrainFish_180106_x64_bmi2_CTG"]
[BlackEngine "asmFishW_2017-12-20_bmi2_CTG"]
[EventType "Swiss"]
[WhiteTeam ""]
[BlackTeam ""]
[PlyCount "124"]
[TimeControl "720+1"]

1. d4 d5 2. c4 e6 3. Nf3 Nf6 4. Nc3 c6 5. e3 Nbd7 6. Qc2 Bd6 7. Bd3 dxc4 
8. Bxc4 O-O 9. O-O a6 10. a4 c5 11. dxc5 Bxc5 12. Ne4 Nxe4 13. Qxe4 Qe7 
14. b3 Nf6 15. Qh4 b6 16. Ne5 Bb7 17. Bb2 Rfd8 18. Rfd1 Rac8 19. Bf1 a5 
20. Nc4 h6 21. Rac1 Bd5 22. Be2 Ne4 23. Qxe7 Bxe7 24. Bd4 Bxc4 25. Bxc4 Rc6 
26. f3 Nc5 27. Be2 Rcc8 28. Bc4 Rc6 29. Bxc5 Rxd1+ 30. Rxd1 Bxc5 31. Kf2 Rd6 
32. Rxd6 Bxd6 33. f4 g6 34. Kf3 Kg7 35. g3 Kf6 36. Kf2 e5 37. Kf3 h5 
38. Bd3 exf4 39. exf4 Kg7 40. Ke4 f5+ 41. Ke3 Kf7 42. h3 Kf6 43. Kf3 Bc5 
44. g4 hxg4+ 45. hxg4 fxg4+ 46. Kxg4 Bf8 47. Be4 Bd6 48. Bd3 Bb4 49. Bb1 Bd2 
50. Bc2 g5 51. f5 Be3 52. Be4 Bf4 53. Bf3 Kg7 54. Be4 Kf6 55. Bd3 Be5 
56. Be4 Bd4 57. Bd5 Be5 58. Bf3 Bf4 59. Bb7 Kf7 60. Bd5+ Kf6 61. Bc6 Ke5 
62. Bb5 Kf6 1/2-1/2

[Event "Saturday 13 January Rapid Engine Tour 12+1 Rounds 9 Starts 1600 ST"]
[Site "Infinity Chess"]
[Date "2018.1.13"]
[Round "4"]
[White "Neoxium"]
[Black "xeonrocks"]
[Result "1/2-1/2"]
[ECO "A20"]
[WhiteElo "2463"]
[BlackElo "2534"]
[WhiteEngine "SF SL FA-IDeA"]
[BlackEngine "asmFishW_bmi2.exe_CTG"]
[EventType "Swiss"]
[WhiteTeam ""]
[BlackTeam ""]
[PlyCount "103"]
[TimeControl "720+1"]

1. c4 e5 2. g3 Nf6 3. Bg2 d5 4. cxd5 Nxd5 5. Nf3 Nc6 6. O-O Nb6 7. b3 Be7 
8. Bb2 f6 9. d4 e4 10. Ne1 f5 11. e3 O-O 12. Qe2 Bg5 13. Nd2 Re8 14. Nc2 a5 
15. Nc4 Nd5 16. f3 exf3 17. Qxf3 Be6 18. h4 Bf6 19. Ne5 Ncb4 20. Ne1 c5 
21. a3 Nc6 22. N1d3 Nxe5 23. dxe5 Be7 24. Bh3 Kh8 25. Kh2 Qb6 26. e4 fxe4 
27. Qxe4 Rad8 28. Rf3 Bxh3 29. Kxh3 Qxb3 30. e6 Nf6 31. Bxf6 Bxf6 32. Nxc5 Qd5 
33. Rc1 Qxe4 34. Nxe4 Rxe6 35. Nxf6 Rxf6 36. Rxf6 gxf6 37. Rb1 Rd7 38. Kg4 Kg7 
39. Rb5 a4 40. Kh5 b6 41. Rxb6 Rd5+ 42. Kg4 h5+ 43. Kf4 Rd3 44. Ra6 Rxa3 
45. g4 hxg4 46. Kxg4 f5+ 47. Kh5 f4 48. Ra7+ Kf6 49. Kg4 f3 50. Kg3 f2+ 
51. Kxf2 Ra1 52. Ra6+ 1/2-1/2

[Event "Saturday 13 January Rapid Engine Tour 12+1 Rounds 9 Starts 1600 ST"]
[Site "Infinity Chess"]
[Date "2018.1.13"]
[Round "3"]
[White "KillBill2017"]
[Black "ocirema"]
[Result "0-1"]
[ECO "C50"]
[WhiteElo "2385"]
[BlackElo "2399"]
[WhiteEngine "asmFishW_2018-01-12_popcnt_CTG"]
[BlackEngine "stockfish_18010422_x64_modern_CTG"]
[EventType "Swiss"]
[WhiteTeam ""]
[BlackTeam ""]
[PlyCount "226"]
[TimeControl "720+1"]

1. e4 e5 2. Nf3 Nc6 3. Bc4 Bc5 4. O-O Nf6 5. d3 d6 6. c3 a5 7. Re1 O-O 
8. Nbd2 h6 9. h3 Be6 10. Bb5 Qb8 11. Nf1 Qa7 12. Re2 a4 13. Ng3 Qa5 
14. Bxc6 bxc6 15. Nh4 Rfe8 16. Re1 d5 17. exd5 Nxd5 18. Nhf5 Qb6 19. Qf3 Nf4 
20. d4 Bf8 21. dxe5 Ng6 22. Qh5 Ra5 23. Nd4 Bc5 24. Qd1 Rd8 25. Bd2 Raa8 
26. Be3 Qxb2 27. Ne4 Bb6 28. Qf3 Nxe5 29. Qg3 Bxd4 30. Bxd4 Ng6 31. h4 h5 
32. Nc5 Bf5 33. a3 Rd5 34. Rac1 Qb8 35. Qe3 Nxh4 36. f3 Qd8 37. Nb7 Qd7 
38. Qf2 Ng6 39. Rcd1 Qc8 40. Nc5 Qf8 41. Rd2 f6 42. Rde2 Qf7 43. Rb2 h4 
44. Rb7 Rdd8 45. Rb2 Rdb8 46. Rbe2 Ra5 47. Kh2 Raa8 48. Kg1 Rb5 49. Kh1 Qd5 
50. Rc1 Qd6 51. c4 Rb1 52. Rxb1 Bxb1 53. Be3 Bf5 54. Bd2 Rb8 55. Bb4 Qg3 
56. Qxg3 hxg3 57. Re1 Nf4 58. Ba5 Rb2 59. Bxc7 Nxg2 60. Re8+ Kf7 61. Rb8 Ra2 
62. Bxg3 Ne3 63. Rb7+ Kg8 64. Bf4 Nd1 65. Nxa4 Rxa3 66. Nc5 Rxf3 67. Bb8 Ne3 
68. Re7 g5 69. Nd7 Rf1+ 70. Kh2 Ng4+ 71. Kg2 Rf2+ 72. Kg3 Rc2 73. Nc5 Rc3+ 
74. Kg2 Rxc4 75. Bd6 Rc3 76. Kf1 Ne3+ 77. Kf2 Nd5 78. Re2 Kf7 79. Na4 Rc4 
80. Nb2 Rd4 81. Bc5 Rh4 82. Kg1 Rh3 83. Na4 Rd3 84. Re1 Rd2 85. Bd6 Kg6 
86. Nc5 Nc3 87. Bb8 Rc2 88. Re8 Ne2+ 89. Kf1 Nf4 90. Bd6 Bh3+ 91. Ke1 Rxc5 
92. Bxc5 Nd3+ 93. Ke2 Nxc5 94. Re3 Bg2 95. Rc3 Nd7 96. Rb3 f5 97. Rb7 Nf6 
98. Rb1 f4 99. Kd2 f3 100. Ke3 Ne4 101. Rb6 f2 102. Rxc6+ Nf6 103. Rc1 f1=Q 
104. Rxf1 Bxf1 105. Kd2 Ne4+ 106. Kc1 g4 107. Kb1 g3 108. Ka1 g2 109. Kb1 g1=Q 
110. Kb2 Qc5 111. Ka2 Qb4 112. Ka1 Qa3+ 113. Kb1 Bd3# 0-1

[Event "Saturday 13 January Rapid Engine Tour 12+1 Rounds 9 Starts 1600 ST"]
[Site "Infinity Chess"]
[Date "2018.1.13"]
[Round "3"]
[White "miguello"]
[Black "NINJA_JENGKA"]
[Result "1/2-1/2"]
[ECO "A40"]
[WhiteElo "2418"]
[BlackElo "2419"]
[WhiteEngine "asmFishW_2017-11-19_popcnt_CTG"]
[BlackEngine "Houdini 6_CTG"]
[EventType "Swiss"]
[WhiteTeam ""]
[BlackTeam ""]
[PlyCount "115"]
[TimeControl "720+1"]

1. d4 c6 2. e4 d5 3. e5 c5 4. dxc5 e6 5. Be3 Nd7 6. Nf3 Bxc5 7. Bxc5 Nxc5 
8. Qd4 Qc7 9. c4 Ne7 10. cxd5 exd5 11. Bb5+ Bd7 12. Bxd7+ Nxd7 13. Nc3 Nc6 
14. Nxd5 Qa5+ 15. Qd2 Qxd2+ 16. Nxd2 O-O-O 17. O-O-O Ndxe5 18. Ne4 Rhe8 
19. Nec3 Ne7 20. Rd2 Nxd5 21. Nxd5 Nc4 22. Rd4 Kb8 23. Rhd1 Rc8 24. Nc3 Re6 
25. Rd8 Rxd8 26. Rxd8+ Kc7 27. Rg8 Rg6 28. g3 Nd6 29. Rh8 h6 30. Kd2 Kd7 
31. b3 Ne8 32. Ne4 Ke7 33. Nc5 Rd6+ 34. Ke3 b6 35. Ne4 Rd7 36. g4 Rd1 37. h4 Ra1 
38. Nc3 f6 39. a4 Rh1 40. h5 f5 41. gxf5 Rxh5 42. Nb5 a6 43. Nd4 Rh1 
44. Nc6+ Kd6 45. Nd4 Rh3+ 46. f3 Nf6 47. Ne6 Ke5 48. Nxg7 Ng4+ 49. Ke2 Nh2 
50. Kf2 Nxf3 51. Rb8 Kf6 52. Kg2 Ng5 53. Rxb6+ Kxg7 54. Rg6+ Kf7 55. Rxg5 Kf6 
56. Kxh3 Kxg5 57. b4 Kxf5 58. a5 1/2-1/2

[Event "Saturday 13 January Rapid Engine Tour 12+1 Rounds 9 Starts 1600 ST"]
[Site "Infinity Chess"]
[Date "2018.1.13"]
[Round "3"]
[White "IronMan"]
[Black "aleks"]
[Result "1/2-1/2"]
[ECO "A20"]
[WhiteElo "2407"]
[BlackElo "2384"]
[WhiteEngine "Stockfish SL FA PB BMI2"]
[BlackEngine "komodo-11.2.2-64bit_CTG"]
[EventType "Swiss"]
[WhiteTeam ""]
[BlackTeam ""]
[PlyCount "98"]
[TimeControl "720+1"]

1. c4 e5 2. e3 Nf6 3. Nc3 Bb4 4. Nge2 O-O 5. Qb3 Ba5 6. g3 Re8 7. Bg2 c6 
8. O-O e4 9. f3 exf3 10. Rxf3 d6 11. Qc2 Be6 12. Rf4 Bc7 13. b3 d5 14. Rh4 dxc4 
15. bxc4 Nbd7 16. Nd4 Bg4 17. Ne4 h5 18. Bb2 Be5 19. Rf1 c5 20. Nxf6+ Nxf6 
21. Nf5 Be2 22. Bxe5 Rxe5 23. Qc3 Re6 24. Rf2 Qd3 25. Bd5 Qxc3 26. dxc3 Re5 
27. Nxg7 Kxg7 28. Rxe2 Nxd5 29. cxd5 Rxd5 30. e4 Re5 31. Rd2 Rae8 32. Rd7 Rxe4 
33. Rxh5 Kg6 34. Rxc5 Re2 35. Rc4 Rxa2 36. Rg4+ Kh6 37. Rf4 Re1+ 38. Rf1 Rxf1+ 
39. Kxf1 Rb2 40. Rxf7 a5 41. Rf8 Rc2 42. Ra8 b6 43. Rb8 Kh5 44. Rxb6 Rxh2 
45. c4 Kg4 46. Ra6 Kxg3 47. Rxa5 Kf3 48. Rf5+ Ke4 49. Rg5 Rc2 1/2-1/2

[Event "Saturday 13 January Rapid Engine Tour 12+1 Rounds 9 Starts 1600 ST"]
[Site "Infinity Chess"]
[Date "2018.1.13"]
[Round "3"]
[White "hafaba"]
[Black "Satria_Ungu"]
[Result "1/2-1/2"]
[ECO "A40"]
[WhiteElo "2387"]
[BlackElo "2409"]
[WhiteEngine "Stockfish SL 07012018 POPCNT_CTG"]
[BlackEngine "Houdini 6_CTG"]
[EventType "Swiss"]
[WhiteTeam ""]
[BlackTeam ""]
[PlyCount "132"]
[TimeControl "720+1"]

1. d4 c6 2. Nd2 d5 3. e4 dxe4 4. Nxe4 Bf5 5. Ng3 Bg6 6. Nf3 e6 7. Be2 Bd6 
8. O-O Nf6 9. Re1 Nbd7 10. Bd3 Bxd3 11. Qxd3 O-O 12. c4 c5 13. dxc5 Nxc5 
14. Qe2 h6 15. Bd2 Ncd7 16. Nd4 Qb6 17. Bc3 Bb4 18. Bxb4 Qxb4 19. a3 Qc5 
20. Nb5 a6 21. b4 Qc6 22. Nd4 Qc7 23. c5 Rad8 24. Rac1 Nb8 25. Nf3 Nc6 
26. Nf1 Rfe8 27. N1d2 e5 28. Qc4 Re6 29. Ne4 Nxe4 30. Qxe4 Qd7 31. Kf1 Nd4 
32. Nxd4 exd4 33. Qd3 Rxe1+ 34. Rxe1 Qc7 35. Kg1 g6 36. Rc1 Qc6 37. h3 Qd7 
38. Rc2 Kh7 39. Kf1 Qd5 40. f3 Qg5 41. Kf2 Qh4+ 42. Kf1 Kg7 43. a4 Kg8 
44. Re2 Qf4 45. Rd2 Kh7 46. b5 axb5 47. axb5 Qf6 48. Rc2 Qe7 49. g4 Qe5 
50. Kg2 h5 51. Qe4 Qxe4 52. fxe4 d3 53. Rd2 hxg4 54. hxg4 Kg7 55. b6 Kf6 
56. Kf3 Ke5 57. Ke3 Rd4 58. Rxd3 Rxe4+ 59. Kd2 Rc4 60. Rd7 Rxc5 61. Rxf7 Rb5 
62. Rxb7 Rd5+ 63. Kc3 Rb5 64. Kc4 Rb1 65. Kc5 Kf4 66. Ra7 Kxg4 1/2-1/2

[Event "Saturday 13 January Rapid Engine Tour 12+1 Rounds 9 Starts 1600 ST"]
[Site "Infinity Chess"]
[Date "2018.1.13"]
[Round "3"]
[White "CrossingJordan"]
[Black "SkyPilot"]
[Result "1-0"]
[ECO "C55"]
[WhiteElo "2413"]
[BlackElo "2433"]
[WhiteEngine "asmFishW_2017-12-20_bmi2_CTG"]
[BlackEngine "stockfish_x64_bmi2_2018_01_01_CTG"]
[EventType "Swiss"]
[WhiteTeam ""]
[BlackTeam ""]
[PlyCount "123"]
[TimeControl "720+1"]

1. e4 e5 2. Nf3 Nc6 3. Bc4 Nf6 4. d3 Bc5 5. c3 d6 6. O-O O-O 7. Nbd2 a5 8. h3 h6 
9. Re1 Be6 10. Bb5 Qb8 11. Nf1 Qa7 12. Re2 a4 13. Ng3 Bb6 14. d4 exd4 
15. Bxc6 bxc6 16. Nxd4 Rfe8 17. Bf4 h5 18. e5 Nd5 19. Qd2 a3 20. Bh6 axb2 
21. Rb1 Bxd4 22. Qg5 g6 23. cxd4 Kh7 24. Nxh5 Rg8 25. Nf4 Nxf4 26. Qxf4 dxe5 
27. dxe5 Qa4 28. Re4 Qxe4 29. Qxe4 Kxh6 30. Rxb2 c5 31. Qe3+ Kh7 32. Qxc5 Bxa2 
33. Qxc7 Be6 34. Rb6 Rg7 35. f4 Re8 36. g4 Ba2 37. Qd7 Ra8 38. Qe7 Be6 
39. Rd6 Ra1+ 40. Kf2 Ra2+ 41. Ke3 Ra3+ 42. Rd3 Rxd3+ 43. Kxd3 Ba2 44. Ke3 Be6 
45. Qd8 Ba2 46. f5 Bb3 47. Kf2 gxf5 48. gxf5 Bc2 49. Qf6 Bb1 50. Qh4+ Kg8 
51. f6 Rg6 52. Qa4 Kh7 53. Qb3 Be4 54. Qxf7+ Kh6 55. Qf8+ Kh5 56. f7 Rg2+ 
57. Kf1 Rg3 58. Qh8+ Kg5 59. Qg7+ Bg6 60. f8=Q Rxh3 61. Qff6+ Kh5 62. Qgxg6# 1-0

[Event "Saturday 13 January Rapid Engine Tour 12+1 Rounds 9 Starts 1600 ST"]
[Site "Infinity Chess"]
[Date "2018.1.13"]
[Round "3"]
[White "KULLANI"]
[Black "angriff"]
[Result "1/2-1/2"]
[ECO "B00"]
[WhiteElo "2435"]
[BlackElo "2436"]
[WhiteEngine "BrainFish_180106_x64_CTG"]
[BlackEngine "SF_64BIT_POPCNT_CTG"]
[EventType "Swiss"]
[WhiteTeam ""]
[BlackTeam ""]
[PlyCount "91"]
[TimeControl "720+1"]

1. e4 Nc6 2. Nf3 e5 3. Bc4 Bc5 4. d3 Nf6 5. c3 d6 6. O-O O-O 7. Bg5 a5 8. a4 h6 
9. Bh4 g5 10. Bg3 Kg7 11. Na3 Ne7 12. Nc2 Bb6 13. Ne3 Ng6 14. Bb3 Bxe3 
15. fxe3 Nh5 16. Nxe5 dxe5 17. Qxh5 Qxd3 18. Qf3 Qa6 19. Bd5 f6 20. b4 Qd6 
21. Rfd1 c6 22. Bb3 Qe7 23. Be1 Nh8 24. Qe2 Nf7 25. bxa5 Rxa5 26. c4 Ra6 
27. c5 Qxc5 28. h3 Qe7 29. Bc4 Ra8 30. a5 Rd8 31. Qb2 Rxd1 32. Rxd1 Qc7 
33. Ba2 Ra6 34. Qc2 c5 35. Bc4 Rd6 36. Bd5 Be6 37. Bb4 Bxd5 38. exd5 Rd7 
39. Bxc5 Qxa5 40. Qf5 Rc7 41. Rf1 Qxc5 42. Qxf6+ Kh7 43. Qf5+ Kg7 44. Qf6+ Kh7 
45. Qf5+ Kg7 46. Qf6+ 1/2-1/2

[Event "Saturday 13 January Rapid Engine Tour 12+1 Rounds 9 Starts 1600 ST"]
[Site "Infinity Chess"]
[Date "2018.1.13"]
[Round "3"]
[White "RonWeasley"]
[Black "Dovahkiin"]
[Result "1/2-1/2"]
[ECO "B02"]
[WhiteElo "2437"]
[BlackElo "2443"]
[WhiteEngine "BrainFish 060118_CTG"]
[BlackEngine "BrainFish_180106_x64_modern_CTG"]
[EventType "Swiss"]
[WhiteTeam ""]
[BlackTeam ""]
[PlyCount "122"]
[TimeControl "720+1"]

1. e4 Nf6 2. e5 Nd5 3. c4 Nb6 4. d4 d6 5. exd6 cxd6 6. Nc3 g6 7. Be3 Bg7 
8. b3 O-O 9. Rc1 e5 10. dxe5 dxe5 11. c5 N6d7 12. Bc4 Nc6 13. Ne4 Nd4 14. Nf3 b6 
15. Nxd4 exd4 16. Bxd4 Nxc5 17. Bxg7 Kxg7 18. Nxc5 Re8+ 19. Be2 Qxd1+ 
20. Kxd1 bxc5 21. Bb5 Bg4+ 22. Kc2 Red8 23. f3 Be6 24. Rhd1 a6 25. Rxd8 Rxd8 
26. Be2 a5 27. Kb2 Rd2+ 28. Rc2 Rxc2+ 29. Kxc2 Kf6 30. Bd3 h6 31. g3 g5 
32. Kd2 Ke5 33. Ke3 Bc8 34. Bc4 f6 35. Bd3 Bb7 36. f4+ Kd6 37. Be2 Bd5 
38. Kd3 Bb7 39. Kc3 Bd5 40. Bc4 Bg2 41. Kd3 Bf3 42. Bf7 Bb7 43. Bh5 Bg2 
44. Bf7 Bf3 45. Bc4 Bg2 46. Kc3 Be4 47. Kd2 Bb1 48. fxg5 fxg5 49. Kc3 Be4 
50. Bb5 Bd5 51. Kb2 Bf3 52. Kc3 Bd5 53. a3 Ke5 54. Bc4 Be4 55. Bd3 Bd5 
56. Bc4 Be4 57. a4 Kf6 58. Bg8 Kg7 59. Bc4 Kf6 60. Bg8 Kg7 61. Bc4 Kf6 1/2-1/2

[Event "Saturday 13 January Rapid Engine Tour 12+1 Rounds 9 Starts 1600 ST"]
[Site "Infinity Chess"]
[Date "2018.1.13"]
[Round "3"]
[White "Neoxium"]
[Black "Cepri"]
[Result "1-0"]
[ECO "A20"]
[WhiteElo "2446"]
[BlackElo "2459"]
[WhiteEngine "SF SL FA-IDeA"]
[BlackEngine "asmFishW_12J18Mb_CTG"]
[EventType "Swiss"]
[WhiteTeam ""]
[BlackTeam ""]
[PlyCount "239"]
[TimeControl "720+1"]

1. c4 e5 2. g3 Nf6 3. Bg2 d5 4. cxd5 Nxd5 5. Nf3 Nc6 6. O-O Nb6 7. Nc3 Be7 
8. b3 O-O 9. Bb2 f6 10. d4 Nxd4 11. Nxd4 exd4 12. Nb5 c5 13. b4 cxb4 
14. Nxd4 Kh8 15. Qc2 a5 16. Rac1 Qe8 17. Nf5 Be6 18. Bd4 Nc4 19. Qe4 Bxf5 
20. Qxf5 Rc8 21. Bxb7 Nd6 22. Rxc8 Nxf5 23. Rxe8 Rxe8 24. Ba1 Nd6 25. Bd5 Rc8 
26. Rd1 a4 27. Kg2 h5 28. Be6 Rc2 29. Kf3 Rc6 30. Rd5 g6 31. Ra5 a3 32. Bd5 Rc7 
33. Bd4 Kg7 34. e3 Nc4 35. Ra8 Ne5+ 36. Bxe5 fxe5 37. h3 Rc1 38. Ra7 Kf8 
39. Ra8+ Kg7 40. Ra7 Kf8 41. Ra6 Kg7 42. Bb3 Rf1 43. Kg2 Rc1 44. Kf3 Rf1 
45. Re6 Bf6 46. Kg2 Rc1 47. Re8 Rc7 48. Rg8+ Kh6 49. Rb8 Be7 50. Rb5 Bd6 
51. Kf3 Kg5 52. Rb6 Rd7 53. Ke4 Rd8 54. Rb7 Kh6 55. Kd5 Bc7+ 56. Ke6 Bd6 
57. Bd5 Bc5 58. Rb5 Bd6 59. Rb6 Bc5 60. Rc6 Ba7 61. Kxe5 Rb8 62. Ra6 Bc5 
63. Rc6 Ba7 64. Ra6 Bc5 65. Be4 Rb6 66. Ra5 Be7 67. Bd5 Rb8 68. Ke4 Rc8 
69. Ra6 Bc5 70. Bf7 Kg7 71. Bxg6 Be7 72. Kf3 b3 73. axb3 Rf8+ 74. Ke2 Rc8 
75. Bd3 Rc3 76. Ra7 Kf8 77. Ra8+ Kg7 78. Ra7 Kf8 79. g4 Rxb3 80. gxh5 Rb6 
81. Kf3 Bc5 82. Ra5 Bb4 83. Ra8+ Kg7 84. Kg4 Rd6 85. Ra7+ Kg8 86. Bc4+ Kh8 
87. f4 Bc5 88. Ra8+ Kg7 89. e4 Rd4 90. Bd5 Rd1 91. Ra5 Bb4 92. Ra7+ Kh6 
93. Bf7 Rd8 94. e5 Bc5 95. Ra5 Rc8 96. Ra6+ Kg7 97. Bd5 Kh7 98. h6 Kh8 
99. Kh5 Rb8 100. Kg6 Rd8 101. Be6 a2 102. Bxa2 Bb6 103. Rxb6 Rd6+ 104. e6 Rxb6 
105. Kf7 Kh7 106. e7 Rb7 107. Kf8 Rb8+ 108. e8=Q+ Rxe8+ 109. Kxe8 Kxh6 
110. Bf7 Kh7 111. Be6 Kg6 112. Bg4 Kh7 113. Ke7 Kg6 114. h4 Kh7 115. f5 Kh8 
116. f6 Kh7 117. f7 Kg7 118. Bf5 Kh6 119. f8=Q+ Kh5 120. Qh8# 1-0